 Dungeon Crawl Stone Soup version 0.26-a0-1060-g086102a3f0 (webtiles) character file.

Game seed: 14806405726861366144

100870 ruwin the Cleaver (level 15, -7/178 HPs)
             Began as a Demonspawn Gladiator on Dec 14, 2020.
             Was the Champion of Makhleb.
             Mangled by a wolf spider (12 damage)
             ... on level 2 of the Spider Nest.
             The game lasted 02:01:20 (29555 turns).

ruwin the Cleaver (Demonspawn Gladiator)           Turns: 29555, Time: 02:01:21

Health: -7/178     AC: 23    Str: 16    XL:     15   Next: 81%
Magic:  0/25       EV: 17    Int: 14    God:    Makhleb [******]
Gold:   1121       SH:  0    Dex: 15    Spells: 10/27 levels left

rFire    . . .     SeeInvis +   L - +8 whip "Snakebite" {curare, rPois}
rCold    + + .     Faith    .   x - +0 kite shield
rNeg     . . .     Spirit   +   G - +4 acid dragon scales
rPois    +         Reflect  .   (helmet unavailable)
rElec    .         Harm     .   v - scarf {repulsion}
rCorr    +         Rampage  .   f - +0 pair of gloves
Will     +....                  D - +2 pair of boots
Stlth    ..........             S - amulet of regeneration
HPRegen  0.79/turn              K - +4 ring of protection
MPRegen  0.38/turn              F - ring "Eleutsij" {rC+ SInv}

@: confused, berserking, lethally poisoned (-7 -> -35), repel missiles, very
quick
A: horns 3, cold resistance 1, magic shield, magic regeneration, sharp scales 3
a: Minor Destruction, Lesser Servant of Makhleb, Major Destruction, Greater
Servant of Makhleb, Renounce Religion


You were on level 2 of the Spider Nest.
You worshipped Makhleb.
Makhleb was exalted by your worship.
You visited 4 branches of the dungeon, and saw 25 of its levels.
You also visited: Ice Cave.

You collected 2801 gold pieces.
You spent 1680 gold pieces at shops.

Inventory:

Hand Weapons
 g - a +5 battleaxe of freezing
 L - the +8 whip "Snakebite" (weapon) {curare, rPois}
   (You bought it in a shop on level 10 of the Dungeon)

   It poisons the flesh of those it strikes.
   It protects you from poison.
Missiles
 q - a throwing net
 H - 11 javelins
 T - 2 boomerangs of dispersal
Armour
 b - a scarf of shadows
 f - a +0 pair of gloves (worn)
 v - a scarf of repulsion (worn)
 x - a +0 kite shield (worn)
 D - a +2 pair of boots (worn)
 G - +4 acid dragon scales (worn)
 O - the +6 scale mail of Honour {rF+ Dex+2}
   (You found it on level 9 of the Dungeon)

   It affects your dexterity (+2).
   It protects you from fire.
Jewellery
 d - a +6 ring of strength
 F - the ring "Eleutsij" (right hand) {rC+ SInv}
   (You found it on level 9 of the Dungeon)

   [ring of protection from cold]

   It protects you from cold.
   It lets you see invisible.
 K - a +4 ring of protection (left hand)
 R - an uncursed ring of protection from cold
 S - an amulet of regeneration (around neck)
 X - an uncursed amulet of reflection
Wands
 k - a wand of acid (17)
 l - a wand of flame (74)
 p - a wand of polymorph (13)
 r - a wand of enslavement (14)
 w - a wand of disintegration (14)
 y - a wand of iceblast (15)
 A - a wand of random effects (55)
 J - a wand of digging (7)
 N - a wand of paralysis (24)
Scrolls
 a - 2 scrolls of blinking
 m - a scroll of enchant weapon
 o - 3 scrolls of amnesia
 B - 10 scrolls of teleportation
 C - 2 scrolls of identify
 I - 6 scrolls of fear
 M - a scroll of magic mapping
 P - a scroll of fog
 Y - a scroll of summoning
Potions
 c - 2 potions of cancellation
 e - 4 potions of ambrosia
 h - 7 potions of brilliance
 i - a potion of haste
 j - a potion of resistance
 n - 2 potions of flight
 s - 6 potions of lignification
 t - 10 potions of attraction
 z - a potion of berserk rage
 E - 3 potions of invisibility
 Q - 2 potions of magic
 U - 7 potions of curing
Miscellaneous
 W - a lightning rod (4/4) (quivered)


   Skills:
 + Level 11.2 Fighting
 - Level 13.0(13.5) Axes
 * Level 6.4(10.7) Maces & Flails
 - Level 1.7 Throwing
 - Level 6.1 Armour
 + Level 10.7 Dodging
 + Level 6.8 Shields
 + Level 6.8 Spellcasting
 + Level 7.4 Conjurations
 - Level 5.4 Fire Magic
 + Level 3.4 Earth Magic
 + Level 10.6 Invocations
 - Level 4.7 Evocations


You had 10 spell levels left.
You knew the following spells:

 Your Spells              Type           Power        Failure   Level
a - Foxfire               Conj/Fire      ###.         4%          1
b - Sticky Flame          Conj/Fire      ###.....     36%         4
c - Fireball              Conj/Fire      ###.......   73%         5
d - Stone Arrow           Conj/Erth      ###...       19%         3
e - Hailstorm             Conj/Ice       ###.....     75%         4

Your spell library contained the following spells:

 Spells                   Type           Power        Failure   Level
 Conjure Flame            Conj/Fire      ###.....     12%         3
 Sandblast                Erth           ##....       14%         1
 Passwall                 Tmut/Erth      #.......     38%         2
 Inner Flame              Hex/Fire       ##......     47%         3
 Freeze                   Ice            #...         50%         1
 Summon Small Mammal      Summ           #...         50%         1
 Mephitic Cloud           Conj/Pois/Air  ##......     52%         3
 Call Imp                 Summ           #.......     63%         2
 Poisonous Vapours        Pois/Air       #.....       63%         2
 Call Canine Familiar     Summ           #.......     86%         3
 Frozen Ramparts          Ice            #.....       86%         3
 Ozocubu's Armour         Ice            #.......     86%         3
 Summon Guardian Golem    Hex/Summ       #.......     86%         3
 Petrify                  Tmut/Erth      #.......     95%         4
 Lee's Rapid Deconstruct  Erth           ##........   98%         5
 Summon Ice Beast         Ice/Summ       #.......     99%         4
 Summon Lightning Spire   Summ/Air       #.......     99%         4
 Freezing Cloud           Conj/Ice/Air   ##........   100%        6


Dungeon Overview and Level Annotations

Branches:
Dungeon (14/15)            Temple (0/1) D:7            Lair (6/6) D:9
  Swamp (0/4) Lair:2       Spider (3/4) Lair:2        Slime (0/5) Lair:6
    Orc (2/2) D:10            Elf (0/3) Orc:2         IceCv (visited)
 Vaults: D:13-14

Altars:
Elyvilon
Gozag
Kikubaaqudgha
Makhleb
Nemelex Xobeh
Okawaru
Trog
Uskayaw
Vehumet
Wu Jian
Xom
Zin
Beogh
Jiyva

Shops:
D:10 *[   Orc:1 (   Orc:2 ?([*?

Annotations:
D:2 Sigmund
D:9 exclusion: door
D:11 2 transporters, gaul's ghost, journeyman DrCj
D:14 Haokicir's ghost, journeyman DsBe
Lair:2 exclusion: oklob plant
Lair:3 3 runed translucent doors, exclusion: 3 doors, sokol815's ghost, adept DrFi
Lair:4 1 runed translucent door, exclusion: door, woodenlegs's ghost, journeyman GnWr


Innate Abilities, Weirdness & Mutations

You have a pair of large horns on your head.
Your flesh is cold resistant. (rC+)
When hurt, damage is shared between your health and your magic reserves.
You regenerate magic rapidly.
You are completely covered in razor-sharp scales. (AC +3, Slay +3)


Message History

You whack the redback!
The redback is poisoned.
The redback looks as sick as possible!
The redback convulses.
The redback seems to slow down.
The redback is moderately wounded.
* * * LOW HITPOINT WARNING * * *
You feel sick.
The tarantella bites you but does no damage.
The redback completely misses you.
The tarantella bites you but does no damage.
The redback completely misses you.
The redback bites you but does no damage.
You bump into the rock wall.
* * * LOW HITPOINT WARNING * * *
You feel very sick.
You kill the redback!
Makhleb accepts your kill.
You feel better. The redback bites you!
* * * LOW HITPOINT WARNING * * *
The wolf spider hits you!
You die...

.#....##..#.......#.........## ##
................#...#......## #
##.#.........#.<.#..##...###
..#...####..##..#.........##
..#...## #.##...#..#....##.#
#.##...# #^.....#......##..# ##
###...####...>##s..#...#...# ###.
##..........#..†ss##..#....###.#.
#......##...#..#@s#.........#....
####...#...#...sss#...#...#...#..
#...........#†#.....###...#....
##..##......##..#.......#....#^
#...##...#..#..#......###..#..#
#............#...#....##...#...
##...##..........#......#...^..
##...#.......##..#.#.#.#..#....
#..........#.....#####.........


You could see a wolf spider, a jumping spider, 2 tarantellas and 3 redbacks.

Vanquished Creatures
  A frost giant (IceCv)
  An emperor scorpion (Spider:2)
  A stone giant (Orc:2)
  2 entropy weavers
  A spark wasp (Spider:2)
  A fire dragon (Lair:6)
  A boulder beetle (Spider:1)
  Erolcha (Orc:1)
  Fannar (Lair:2)
  2 hydras (Lair:6)
  A centaur warrior (D:13)
  A tengu warrior (D:13)
  2 two-headed ogres
  13 death yaks
  A fire crab (Lair:6)
  Nergalle (Orc:1)
  4 skeletal warriors (D:12)
  An unseen horror (D:13)
  2 lindwurms
  Pikel (D:8)
  An orb spider (Spider:2)
  An ugly thing (D:11)
  6 wolf spiders
  A manticore (D:12)
  3 orc sorcerers (Orc:2)
  A moth of wrath (Spider:1)
  9 black mambas
  Joseph (D:8)
  2 molten gargoyles (Lair:6)
  A torpor snail (Spider:1)
  2 gargoyles
  10 cane toads
  An ice statue (IceCv)
  10 rime drakes
  10 komodo dragons
  6 demonic crawlers
  9 jumping spiders
  4 trolls
  15 polar bears
  3 hornets
  Grinder (D:3)
  13 blink frogs
  2 slime creatures (D:7)
  4 dream sheep (Lair:6)
  11 wyverns
  A shadow (D:13)
  31 redbacks
  19 tarantellas
  A tarantella (shapeshifter) (D:12)
  A vampire (D:12)
  80 yaks
  2 water elementals (D:13)
  4 basilisks
  4 steam dragons
  3 wraiths
  Eustachio (D:5)
  Grum (D:8)
  Menkaure (D:5)
  10 wargs
  2 vampire mosquitoes (D:13)
  An acid dragon (D:9)
  4 hell hounds (Lair:6)
  11 water moccasins
  28 orc warriors
  A black bear (Lair:1)
  4 ice beasts
  5 sky beasts
  An eye of draining (D:12)
  A phantom (D:6)
  9 ogres
  27 wolves
  11 centaurs
  3 big kobolds
  Blork the orc (D:4)
  19 bullfrogs
  A gnoll sergeant (Orc:1)
  2 scorpions
  8 killer bees
  13 wights
  2 electric eels
  3 howler monkeys
  7 crimson imps (D:9)
  5 lava snakes (Lair:6)
  A centaur zombie (D:10)
  A bullfrog zombie (D:12)
  6 jellies
  2 bullfrog skeletons
  17 orc priests
  4 centaur skeletons
  9 hounds
  14 orc wizards
  Ijyb (D:3)
  2 iguanas
  Natasha (thrice) (D:2)
  10 hell rats
  8 worker ants
  A killer bee zombie (D:8)
  A hound zombie (D:6)
  2 worker ant zombies (D:6)
  Robin (D:3)
  9 gnolls
  2 howler monkey skeletons
  11 adders
  2 river rats (D:9)
  A shadow imp (D:9)
  5 white imps
  2 ufetubi
  5 oozes (D:7)
  2 adder skeletons
  2 worms (D:2)
  4 dart slugs
  5 leopard geckos
  93 orcs
  3 giant cockroaches
  9 goblins
  9 hobgoblins
  7 jackals (D:5)
  3 quokkas
  2 ball pythons (D:1)
  6 bats
  3 frilled lizards
  12 kobolds
  8 rats
782 creatures vanquished.

Vanquished Creatures (collateral kills)
  Saint Roka (Orc:2)
  Josephine (Lair:4)
  5 hydras
  An orc sorcerer (Orc:2)
  Psyche (D:11)
  A polar bear (IceCv)
  3 blink frogs (Lair:5)
  3 wraiths (Lair:4)
  An orc warrior (Orc:2)
  An orc (Orc:2)
18 creatures vanquished.

Vanquished Creatures (others)
  An orc warrior (D:7)
  A jelly (D:7)
  An orc priest (D:9)
  An orc wizard (D:7)
  A worker ant (D:7)
  4 orcs
  2 bushes (Lair:4)
  41 fungi
  47 plants
  8 toadstools (D:7)
107 creatures vanquished.

Grand Total: 907 creatures vanquished

Notes
Turn   | Place    | Note
-------+----------+-------------------------------------------
     0 | D:1      | ruwin the Demonspawn Gladiator began the quest for the Orb.
     0 | D:1      | Reached XP level 1. HP: 16/16 MP: 1/1
     0 | D:1      | Noticed a large abomination
     6 | D:1      | Noticed a green draconian
     7 | D:1      | Noticed a white draconian
    10 | D:1      | Noticed a yellow draconian
    10 | D:1      | Noticed a shadow dragon
    12 | D:1      | Noticed an orb of fire
    13 | D:1      | Noticed a large abomination
    14 | D:1      | Noticed a shadow dragon
    14 | D:1      | Noticed a large abomination
    16 | D:1      | Noticed an ice dragon
    16 | D:1      | Noticed an ice dragon
    16 | D:1      | Noticed a tentacled monstrosity
    18 | D:1      | Noticed a tentacled monstrosity
    18 | D:1      | Noticed a golden dragon
    20 | D:1      | Noticed an ice dragon
   156 | D:1      | Gained mutation: You have a pair of small horns on your
                  | head. [demonic ancestry]
   156 | D:1      | Reached XP level 2. HP: 19/22 MP: 2/2
   159 | D:1      | Reached skill level 3 in Axes
   843 | D:1      | Reached XP level 3. HP: 27/28 MP: 3/3
   908 | D:2      | Noticed Natasha
   917 | D:2      | Killed Natasha
   918 | D:2      | Reached skill level 1 in Armour
  1160 | D:2      | Reached XP level 4. HP: 28/34 MP: 4/4
  1303 | D:2      | Noticed Natasha
  1309 | D:2      | Killed Natasha
  1549 | D:2      | Noticed Natasha
  1554 | D:2      | Killed Natasha
  1634 | D:2      | Reached XP level 5. HP: 37/40 MP: 5/5
  1647 | D:2      | Noticed Sigmund
  2156 | D:3      | Noticed Robin
  2165 | D:3      | Killed Robin
  2166 | D:3      | Reached skill level 4 in Axes
  2769 | D:3      | Noticed Ijyb
  2781 | D:3      | Killed Ijyb
  2934 | D:3      | Gained mutation: When hurt, damage is shared between your
                  | health and your magic reserves. [demonic ancestry]
  2934 | D:3      | Reached XP level 6. HP: 15/47 MP: 6/6
  3314 | D:4      | Noticed Blork the orc
  3341 | D:4      | Killed Blork the orc
  3652 | D:4      | Reached skill level 5 in Axes
  3657 | D:4      | Gained mutation: You are partially covered in razor-sharp
                  | scales. (AC +1, Slay +1) [demonic ancestry]
  3657 | D:4      | Reached XP level 7. HP: 28/53 MP: 4/7
  3837 | D:4      | Noticed Grinder
  3840 | D:4      | Paralysed by Grinder for 7 turns
  3857 | D:3      | Killed Grinder
  4386 | D:4      | Found a burning altar of Makhleb.
  4436 | D:4      | Became a worshipper of Makhleb the Destroyer
  4487 | D:4      | Found a hide-covered altar of Uskayaw.
  4637 | D:5      | Entered Level 5 of the Dungeon
  4667 | D:5      | Noticed Menkaure
  4674 | D:5      | Killed Menkaure
  4675 | D:5      | Reached skill level 6 in Axes
  4675 | D:5      | Gained mutation: Your flesh is cold resistant. (rC+)
                  | [demonic ancestry]
  4675 | D:5      | Reached XP level 8. HP: 55/61 MP: 6/8
  5077 | D:5      | Noticed Eustachio
  5096 | D:5      | Killed Eustachio
  5145 | D:5      | Found an ancient bone altar of Kikubaaqudgha.
  5155 | D:5      | Found a white marble altar of Elyvilon.
  5767 | D:6      | Reached skill level 1 in Invocations
  5785 | D:6      | Reached skill level 5 in Dodging
  5999 | D:6      | Reached skill level 5 in Fighting
  5999 | D:6      | Reached skill level 1 in Evocations
  6109 | D:6      | Reached * piety under Makhleb
  6208 | D:6      | Reached skill level 7 in Axes
  6617 | D:7      | Found a radiant altar of Vehumet.
  6620 | D:7      | Found a bloodstained altar of Trog.
  6623 | D:7      | Found an iron altar of Okawaru.
  6687 | D:7      | Gained mutation: You have a pair of horns on your head.
                  | [demonic ancestry]
  6687 | D:7      | Reached XP level 9. HP: 65/68 MP: 8/11
  6900 | D:7      | Found a staircase to the Ecumenical Temple.
  8527 | D:8      | Reached ** piety under Makhleb
  8528 | D:8      | Reached skill level 5 in Armour
  8588 | D:8      | Found a sparkling altar of Nemelex Xobeh.
  8613 | D:8      | Reached skill level 8 in Axes
  8663 | D:8      | Found an ornate altar of the Wu Jian Council.
  8885 | D:8      | Noticed Joseph
  8897 | D:8      | Killed Joseph
  8898 | D:8      | Reached XP level 10. HP: 42/76 MP: 7/13
  9089 | D:8      | Noticed Grum
  9291 | D:8      | Killed Grum
  9293 | D:8      | Reached skill level 5 in Invocations
  9426 | D:8      | Noticed Pikel
  9431 | D:8      | Killed Pikel
  9471 | D:8      | Noticed a two-headed ogre
  9480 | D:8      | Killed a two-headed ogre
  9817 | D:9      | Found a shimmering altar of Xom.
  9817 | D:9      | Noticed an angel
  9818 | D:9      | Found a glowing silver altar of Zin.
  9862 | D:9      | Noticed a death yak
  9908 | D:9      | Reached skill level 9 in Axes
  9992 | D:9      | Got a translucent platinum ring
  9993 | D:9      | Identified the ring "Eleutsij" {rC+ SInv} (You found it on
                  | level 9 of the Dungeon)
 10010 | D:9      | Found an opulent altar of Gozag.
 10059 | D:9      | Reached *** piety under Makhleb
 10200 | D:9      | Learned a level 1 spell: Foxfire
 10477 | D:9      | Found a staircase to the Lair.
 10482 | D:9      | Noticed a death yak
 10485 | Lair:1   | Entered Level 1 of the Lair of Beasts
 10549 | Lair:1   | Noticed a black mamba
 10559 | Lair:1   | Killed a black mamba
 10560 | Lair:1   | Reached skill level 1 in Shields
 10631 | Lair:1   | Found a frozen archway.
 10640 | Lair:1   | Gained mutation: You are mostly covered in razor-sharp
                  | scales. (AC +2, Slay +2) [demonic ancestry]
 10640 | Lair:1   | Reached XP level 11. HP: 59/84 MP: 12/15
 10666 | IceCv    | Entered an ice cave
 10831 | IceCv    | Reached skill level 10 in Axes
 11246 | IceCv    | Reached **** piety under Makhleb
 11778 | IceCv    | Noticed a death yak
 11778 | IceCv    | Noticed a frost giant
 11805 | IceCv    | Killed a frost giant
 11806 | IceCv    | Reached skill level 11 in Axes
 11806 | IceCv    | Reached XP level 12. HP: 19/94 MP: 2/16
 11880 | IceCv    | Killed a death yak
 12893 | Lair:1   | Reached skill level 1 in Conjurations
 12894 | Lair:1   | Reached skill level 1 in Spellcasting
 12897 | Lair:1   | Reached skill level 1 in Fire Magic
 13955 | Lair:2   | Found a hole to the Spider Nest.
 14049 | Lair:2   | Noticed Fannar
 14089 | Lair:2   | Killed Fannar
 14294 | Lair:2   | Learned a level 4 spell: Sticky Flame
 14301 | Lair:2   | Learned a level 5 spell: Fireball
 14813 | Lair:2   | Found a staircase to the Swamp.
 15022 | Lair:2   | Reached skill level 12 in Axes
 15416 | Lair:3   | Gained mutation: You have a pair of large horns on your
                  | head. [demonic ancestry]
 15416 | Lair:3   | Reached XP level 13. HP: 76/101 MP: 12/17
 15842 | Lair:3   | Found a runed translucent gate.
 15846 | Lair:3   | Found a runed translucent gate.
 15846 | Lair:3   | Found a runed translucent gate.
 15848 | Lair:3   | Noticed sokol815's ghost (adept DrFi)
 16276 | Lair:4   | Found a runed translucent door.
 16301 | Lair:4   | Noticed woodenlegs's ghost (journeyman GnWr)
 17201 | Lair:4   | Noticed Josephine
 17311 | Lair:4   | Killed Josephine
 17954 | Lair:6   | Entered Level 6 of the Lair of Beasts
 18864 | Lair:5   | Reached skill level 10 in Fighting
 19163 | D:10     | Entered Level 10 of the Dungeon
 19163 | D:10     | Found Hudycluh's Assorted Antiques.
 19172 | D:10     | Found Lobeveles's Antique Armour Shop.
 19258 | D:10     | Found a staircase to the Orcish Mines.
 19354 | D:10     | You fall into a shaft and drop 3 floors!
 19442 | D:11     | Noticed Psyche
 19568 | D:11     | Found a transporter.
 19716 | D:10     | Learned a level 3 spell: Stone Arrow
 19974 | Orc:1    | Entered Level 1 of the Orcish Mines
 19990 | Orc:1    | Reached skill level 5 in Conjurations
 20002 | Orc:1    | Noticed Nergalle
 20019 | Orc:1    | Killed Nergalle
 20186 | Orc:1    | Found Ufakhite's Antique Weapon Shop.
 20199 | Orc:1    | Noticed Erolcha
 20303 | D:11     | Reached ***** piety under Makhleb
 20488 | D:11     | Gained mutation: You are completely covered in razor-sharp
                  | scales. (AC +3, Slay +3) [demonic ancestry]
 20488 | D:11     | Reached XP level 14. HP: 110/110 MP: 21/21
 20555 | D:11     | Found a transporter.
 20572 | D:11     | Noticed gaul's ghost (journeyman DrCj)
 20654 | Orc:2    | Entered Level 2 of the Orcish Mines
 20758 | D:10     | Bought the +8 whip "Snakebite" {curare, rPois} for 1680
                  | gold pieces
 20758 | D:10     | Found the +8 whip "Snakebite" {curare, rPois}
 20842 | D:9      | Reached skill level 13 in Axes
 21042 | D:9      | Got a smelly scale mail
 21043 | D:9      | Identified the +6 scale mail of Honour {rF+ Dex+2} (You
                  | found it on level 9 of the Dungeon)
 21559 | Orc:1    | Killed Erolcha
 21960 | Orc:2    | Found a roughly hewn altar of Beogh.
 21971 | Orc:2    | Reached skill level 5 in Spellcasting
 21978 | Orc:2    | Found Alupp's Magic Scroll Emporium.
 22038 | Orc:2    | Noticed a stone giant
 22210 | Lair:5   | Reached skill level 1 in Maces & Flails
 22376 | Lair:5   | Reached skill level 5 in Shields
 22418 | Lair:5   | Reached skill level 5 in Fire Magic
 22746 | Lair:6   | Reached skill level 10 in Dodging
 22751 | Lair:6   | Found a viscous altar of Jiyva.
 22751 | Lair:6   | Found a staircase to the Slime Pits.
 23268 | Lair:6   | Found a large runed translucent door.
 23268 | Lair:6   | Found a large runed translucent door.
 23384 | Lair:6   | Identified a scroll of acquirement
 23384 | Lair:6   | Acquired a book of Clouds
 23532 | Lair:6   | Reached ****** piety under Makhleb
 24296 | Orc:2    | Killed a stone giant
 24297 | Orc:2    | Reached skill level 1 in Earth Magic
 24328 | Orc:2    | Found a staircase to the Elven Halls.
 24449 | Orc:2    | Found Sesk's Magic Scroll Emporium.
 24577 | Orc:2    | Found a roughly hewn altar of Beogh.
 24606 | Orc:2    | Found Myhoahug's Assorted Antiques.
 24650 | Orc:2    | Found a roughly hewn altar of Beogh.
 24780 | Orc:2    | Found a roughly hewn altar of Beogh.
 24825 | Orc:2    | Found a roughly hewn altar of Beogh.
 25063 | Orc:2    | Noticed Saint Roka
 25101 | Orc:2    | Killed Saint Roka
 25102 | Orc:2    | Gained mutation: You regenerate magic rapidly. [demonic
                  | ancestry]
 25102 | Orc:2    | Reached XP level 15. HP: 60/117 MP: 9/23
 25126 | Orc:2    | Found Kunwuan's Antique Armour Boutique.
 25127 | Orc:2    | Found a roughly hewn altar of Beogh.
 25131 | Orc:2    | Found Syatu's Antique Weapon Shop.
 25542 | D:11     | Killed Psyche
 25815 | D:12     | Learned a level 4 spell: Hailstorm
 26645 | D:13     | Reached skill level 5 in Maces & Flails
 26665 | D:13     | Got a blackened shortbow
 26666 | D:13     | Identified the +6 shortbow "Biuniapn" {venom, Will- Str+3
                  | Int+3 Dex+4} (You found it on level 13 of the Dungeon)
 26955 | D:13     | Reached skill level 10 in Invocations
 27070 | D:13     | Found a roughly hewn altar of Beogh.
 27324 | D:14     | Noticed Haokicir's ghost (journeyman DsBe)
 27477 | Spider:1 | Entered Level 1 of the Spider Nest
 29553 | Spider:2 | HP: 8/178 [wolf spider (6)]
 29555 | Spider:2 | Mangled by a wolf spider

Illustrated notes

Levels and vault maps discovered:
D:1:      shiori_arrival_whats_in_store_for_you, layout_rooms
D:2:      layout_rooms, old_standard_altar, uniq_crazy_yiuf_cottage,
          uniq_natasha, uniq_sigmund
D:3:      layout_basic, uniq_robin, uniq_ijyb
D:4:      layout_cave_pools, marbit_many_paths, lemuel_crystal_altar,
          grunt_decor_junction, hangedman_glass_teeth, cheibrodos_gnoll_hut,
          uniq_grinder, uniq_blork_the_orc
D:5:      layout_loops_corners, amethyst_overflow_temple_binary, uniq_eustachio,
          uniq_menkaure
D:6:      layout_loops_ring, minmay_checkerbox
D:7:      cheibrodos_fertilizer, layout_loops_ring,
          grunt_temple_overflow_diamond, minmay_temple_entry_sparse_star,
          lemuel_flamethrower_2
D:8:      layout_loops_ring, lemuel_crystal_altar, nemelex_diamond_rough_becter,
          uniq_grum, uniq_joseph, uniq_pikel
D:9:      layout_stronghold, grunt_temple_overflow_order_and_chaos_1,
          grunt_gozag_breadcrumbs, dpeg_lair_monsters, minmay_nine_imps
D:10:     layout_roguey, david_orc_2, serial_shops, kennysheep_little_box, shop,
          chequers_serial_rivers_small_a
D:11:     layout_cave_pools, gammafunk_ghost_stat_death, uniq_psyche
D:12:     layout_loops_cross
D:13:     layout_long_grid, special_room [special_room_orc]
D:14:     layout_basic, david_vaults_4, gammafunk_ghost_berserking_beasts,
          kennysheep_flooded_box, chequers_serial_rivers_large_b,
          minmay_misc_feat_x, minivault_21
Lair:1:   layout_long_grid, portal_ice_cave_rime
Lair:2:   layout_cave_pods, swamp_mist, dummy_spider_entry,
          eino_small_chamber_without_monster, lemuel_fruit_fields,
          grunt_megastairs_2, minmay_lair_oklob_chamber, uniq_fannar
Lair:3:   layout_gridlike, gammafunk_ghost_necromancy, st_stairs_13,
          beast_lair_carwin_11, lemuel_fruit_fields, grunt_megastairs_3
Lair:4:   layout_cave_pods, ebering_ghost_reflecting_pool,
          minmay_lair_drake_nest, uniq_josephine
Lair:5:   layout_gridlike, lemuel_fruit_tree
Lair:6:   cheibrodos_lair_end_hotspot, layout_gridlike, slime_altar_1
Spider:1: layout_spider_delve
Spider:2: layout_spider_delve, hangedman_spider_tarantella_strand
Spider:3: layout_spider_delve
Orc:1:    layout_diamond_mine, serial_shops, shop, mines5_lemuel, uniq_erolcha,
          uniq_nergalle, uniq_maurice
Orc:2:    grunt_orc_community_town_hall, layout_caves,
          grunt_orc_community_big_house_1, grunt_orc_community_big_house_2,
          grunt_orc_community_house_3, grunt_orc_community_house_3,
          grunt_orc_community_house_2, grunt_orc_community_house_3,
          grunt_orc_community_house_3, grunt_orc_community_house_3,
          serial_shops, shop

Skill      XL: |  1  2  3  4  5  6  7  8  9 10 11 12 13 14 15 |
---------------+----------------------------------------------+-----
Axes           | 3 4 5 6 7 8 9 11 12 13 | 13.0
Dodging        | 3 4 5 6 7 8 9 10 | 10.7
Armour         | 1 2 3 4 5 6 |  6.1
Fighting       | 3 4 5 6 7 8 9 10 11 | 11.2
Invocations    | 2 4 6 8 9 10 | 10.6
Evocations     | 2 3 4 |  4.7
Shields        | 1 4 5 6 |  6.8
Conjurations   | 3 5 6 7 |  7.4
Spellcasting   | 3 4 5 6 |  6.8
Fire Magic     | 3 4 5 |  5.4
Maces & Flails | 4 6 |  6.4
Earth Magic    | 1 3 |  3.4
Throwing       | |  1.7

Action                   |  1- 3 |  4- 6 |  7- 9 | 10-12 | 13-15 || total
-------------------------+-------+-------+-------+-------+-------++-------
Melee: War axe           |    96 |   135 |   361 |   497 |       ||  1089
       Headbutt          |     7 |    27 |   101 |   199 |   393 ||   727
       Battleaxe         |       |       |       |   197 |   433 ||   630
       Whip              |       |       |       |       |  1269 ||  1269
Throw: Throwing net      |     3 |     2 |       |       |       ||     5
Invok: Lesser Servant of |       |       |       |     2 |    24 ||    26
Evoke: Wand              |       |       |     2 |     3 |     4 ||     9
       Lightning rod     |       |       |       |       |     4 ||     4
  Use: Potion            |       |     4 |     1 |     5 |    11 ||    21
       Scroll            |       |     2 |    16 |     9 |    32 ||    59
 Stab: Held in net/web   |     3 |     1 |       |       |       ||     4
       Distracted        |       |       |       |     2 |       ||     2
Armor: Leather armour    |    14 |       |       |       |       ||    14
       Scale mail        |    23 |    41 |   148 |    73 |    44 ||   329
       Acid dragon scale |       |       |       |   240 |   520 ||   760
Dodge: Dodged            |    60 |   101 |   177 |   535 |  1148 ||  2021
       Repelled          |       |       |       |     4 |    18 ||    22
Block: Kite shield       |       |       |    88 |   289 |   463 ||   840

Table legend: (Time is in decaauts)
 A = Elapsed time spent in this place.
 B = Non-inter-level travel time spent in this place.
 C = Inter-level travel time spent in this place.
 D = Time resting spent in this place.
 E = Time spent auto-exploring this place.
 F = Levels seen in this place.
 G = Mean time per level.
                   A        B        C        D        E       F      G
               +--------+--------+--------+--------+--------+-----+--------+
         Total |  29456 |  27696 |   1760 |   6596 |  13465 |  26 | 1132.9 |
       Dungeon |  14699 |  13810 |    889 |   3423 |   7120 |  14 | 1049.9 |
          Lair |   8806 |   8185 |    621 |   1616 |   4213 |   6 | 1467.7 |
   Spider Nest |   1975 |   1837 |    138 |    376 |    943 |   3 |  658.3 |
  Orcish Mines |   2058 |   1948 |    110 |    379 |    888 |   2 | 1029.0 |
      Ice Cave |   1916 |   1916 |      0 |    801 |    301 |   1 | 1916.0 |
               +--------+--------+--------+--------+--------+-----+--------+

Top non-repeatable levels by time:
   IceCv: 1916 daAuts
  Lair:4: 1828 daAuts
  Lair:6: 1744 daAuts
     D:7: 1713 daAuts
     D:9: 1578 daAuts
     D:3: 1558 daAuts
  Lair:2: 1530 daAuts
   Orc:2: 1490 daAuts
  Lair:1: 1479 daAuts
     D:6: 1342 daAuts
  Lair:5: 1238 daAuts
     D:1: 1159 daAuts
     D:4: 1134 daAuts
     D:5: 1037 daAuts
     D:8: 1032 daAuts
